 Dungeon Crawl Stone Soup version 0.31-a0-210-gccc998df9b (webtiles) character file.

Game seed: 10464524078678449822

751 Dittersdorf the Covered (level 7, -2/44 HPs)
             Began as a Gargoyle Fighter on June 29, 2023.
             Slain by an ogre
             ... wielding a +0 giant spiked club
              (20 damage)
             ... on level 4 of the Dungeon.
             The game lasted 00:05:17 (4421 turns).

Dittersdorf the Covered (Gargoyle Fighter)          Turns: 4421, Time: 00:05:18

Health: -2/44      AC: 15    Str: 22    XL:     7   Next: 78%
Magic:  7/7        EV:  9    Int:  8    God:
Gold:   195        SH:  5    Dex:  9    Spells: 6/6 levels left

rFire   . . .        a - +0 flail
rCold   . . .        c - +0 buckler
rNeg    + . .        b - +0 scale mail
rPois   ∞            k - +1 helmet
rElec   +            r - +0 cloak
rCorr   .            (no gloves)
SInv    .            (no boots)
Will    .....        i - amulet of regeneration Stlth
                     e - ring of flight
HPRegen 1.07/turn    (no ring)
MPRegen 0.10/turn

%: no passive effects
@: flying, studying Dodging
A: sickness immunity, AC +4, negative energy resistance 1, electricity
resistance, torment resistance 1, petrification resistance
a: no special abilities


You were on level 4 of the Dungeon.
You visited 1 branch of the dungeon, and saw 5 of its levels.

You collected 195 gold pieces.

Inventory:

Hand Weapons
 a - a +0 flail (weapon)
Missiles
 j - 22 poisoned darts
Armour
 b - a +0 scale mail (worn)
 c - a +0 buckler (worn)
 k - a +1 helmet (worn)
 r - a +0 cloak (worn)
Jewellery
 e - a ring of flight (left hand)
 i - an amulet of regeneration (around neck)
Scrolls
 f - 2 scrolls of blinking
 h - 2 scrolls of teleportation
Potions
 d - a potion of might
 g - 4 potions of curing
 l - 5 potions of berserk rage
 n - a potion of magic {unknown}
 o - 2 potions of mutation {unknown}
 p - a potion of heal wounds
 q - a potion of haste {unknown}
 s - a potion of cancellation {unknown}


   Skills:
 + Level 5.6 Fighting
 + Level 4.6 Maces & Flails
 + Level 5.6 Armour
 + Level 5.5 Shields


You had 6 spell levels left.
You didn't know any spells.
Your spell library contained the following spells:

 Spells                   Type           Power      Damage    Failure   Level
 Apportation              Tloc           0%         N/A       78%         1
 Necrotise                Necr           0%         1d4       78%         1
 Summon Small Mammal      Summ           0%         N/A       78%         1
 Static Discharge         Conj/Air       0%         2-2/arc   89%         2
 Airstrike                Air            0%         2d(0-16)  100%        4
 Dispel Undead            Necr           0%         3d6       100%        4
 Summon Lightning Spire   Summ/Air       0%         N/A       100%        4
 Alistair's Intoxication  Tmut/Pois      0%         N/A       100%        5
 Death Channel            Necr           0%         N/A       100%        6
 Cigotuvi's Dreadful Rot  Necr/Pois/Air  Unusable   N/A       N/A         2

Dungeon Overview and Level Annotations

Branches:
Dungeon (5/15)
 Temple: D:4-7

Altars:
Elyvilon
Gozag
Nemelex Xobeh
Sif Muna
Xom

Shops:
D:1 *   D:2 :


Innate Abilities, Weirdness & Mutations

You are immune to sickness and miasma.
Your stone body is resilient. (AC +4)
You are immune to poison.
You resist negative energy. (rN+)
You are resistant to electric shocks. (rElec)
You are resistant to unholy torment.
You are immune to petrification.


Message History

You block something's attack.
The ogre hits you with a +0 giant spiked club!
You fly upwards.
Reactivating autopickup.
There is a stone staircase leading down here.
You completely miss the ogre. Something hits you but does no damage.
Deactivating autopickup; reactivate with Ctrl-A.
You hit the ogre.
The ogre is lightly wounded.
The ogre barely misses you. Something hits you but does no damage.
You hit the ogre.
The ogre is lightly wounded.
Something hits you but does no damage. You block the ogre's attack.
You sock the ogre!
The ogre is heavily wounded.
Something hits you but does no damage. The ogre barely misses you.
You hit the ogre.
The ogre is heavily wounded.
Something hits you.
You hear some strange, mumbled words.
A puff of flame appears from out of thin air!
The puff of flame hits you.
You closely miss the ogre.
The ogre is heavily wounded.
An orc wizard appears from thin air!
Reactivating autopickup.
The ogre barely misses you.
The orc wizard hits you but does no damage.
You hit the ogre but do no damage.
The ogre is heavily wounded.
The ogre hits you with a +0 giant spiked club!!
Ouch! That really hurt!
The orc wizard hits you but does no damage.
You completely miss the ogre.
The ogre is heavily wounded.
The orc wizard mumbles some strange words.
The orc wizard flickers and vanishes!
Deactivating autopickup; reactivate with Ctrl-A.
The ogre hits you with a +0 giant spiked club!!
You die...

.#####..###......#
....##..###......#
....##..##.......#
....###.##.......# ....#
#.##.......#
....###.##.......#
."..##.....#.....#
....#...#.##...O[#
......#........{@#
##..###.###.#.####
##..###.# #.#.#
##.....†# #.#.#
#....#..###...#########
......................#
#..#....##..#.........#
........##..#.........##
####....##.............#


You could see an ogre.

Vanquished Creatures
  An ogre (D:3)
  2 centaurs (D:4)
  A scorpion (D:5)
  3 hounds
  3 jellies
  2 orc priests
  Terence (D:2)
  An orc wizard (D:2)
  5 adders
  A worm (D:3)
  4 dart slugs
  13 orcs
  4 ball pythons (D:1)
  7 bats
  7 endoplasms
  2 giant cockroaches
  8 hobgoblins
  12 jackals
  5 quokkas
  5 frilled lizards
  5 goblins
  8 kobolds
  3 rats
103 creatures vanquished.

Notes
Turn   | Place    | Note
-------+----------+-------------------------------------------
     0 | D:1      | Dittersdorf the Gargoyle Fighter began the quest for the
                  | Orb.
     0 | D:1      | Reached XP level 1. HP: 14/14 MP: 1/1
   230 | D:1      | Reached XP level 2. HP: 17/19 MP: 2/2
   362 | D:1      | Found Nidghu's Assorted Antiques.
   380 | D:1      | Reached XP level 3. HP: 21/24 MP: 3/3
  1205 | D:2      | Noticed Terence
  1223 | D:2      | Killed Terence
  1224 | D:2      | Reached XP level 4. HP: 17/29 MP: 4/4
  1313 | D:2      | Found a shimmering altar of Xom.
  1319 | D:2      | Found Aphobrae's Book Shoppe.
  2024 | D:3      | Reached XP level 5. HP: 32/33 MP: 3/5
  2150 | D:3      | Found a white marble altar of Elyvilon.
  2611 | D:3      | Reached XP level 6. HP: 25/39 MP: 3/6
  3177 | D:3      | Found a faded altar of an unknown god.
  3528 | D:4      | Found a sparkling altar of Nemelex Xobeh.
  3767 | D:4      | Reached skill level 5 in Fighting
  3767 | D:4      | Reached skill level 5 in Armour
  3767 | D:4      | Reached skill level 5 in Shields
  3767 | D:4      | Reached XP level 7. HP: 37/44 MP: 7/7
  3943 | D:4      | Found a shimmering blue altar of Sif Muna.
  4113 | D:5      | Entered Level 5 of the Dungeon
  4337 | D:5      | Found an opulent altar of Gozag.
  4421 | D:4      | Slain by an ogre

Illustrated notes

Levels and vault maps discovered:
D:1:      lightli_arrival_noodles, layout_basic, serial_shops, shop
D:2:      layout_basic, serial_shops, nicolae_shop_advertising_works
          [nicolae_subvault_shop_adworks], basic_altar, uniq_terence
D:3:      layout_basic, mainiacjoe_overflow_boulevard,
          shapermc_ecumenical_altar_ellora
D:4:      layout_rooms, nicolae_sif_muna_condensation, kennysheep_mini_moat,
          serial_glass, glass_columns_a, glass_columns_a, minmay_manual_mares
D:5:      layout_basic, mainiacjoe_overflow_catwalk,
          mainiacjoe_overflow_brackets

Skill      XL: |  1  2  3  4  5  6 |
---------------+-------------------+-----
Fighting       | 4 5 |  5.6
Armour         | 4 5 |  5.6
Shields        | 4 5 |  5.5
Maces & Flails | 3 4 |  4.6

Action                     |  1- 3 |  4- 6 |  7- 9 || total
---------------------------+-------+-------+-------++-------
  Melee: Flail             |   131 |   199 |   103 ||   433
    Use: Scroll            |       |     8 |     2 ||    10
 Armour: Scale mail        |   110 |    93 |   108 ||   311
  Dodge: Dodged            |   105 |    81 |    81 ||   267
  Block: Buckler           |    34 |    40 |    40 ||   114

Table legend: (Time is in decaauts)
 A = Elapsed time spent in this place.
 B = Non-inter-level travel time spent in this place.
 C = Inter-level travel time spent in this place.
 D = Time resting spent in this place.
 E = Time spent auto-exploring this place.
 F = Levels seen in this place.
 G = Mean time per level.
                   A        B        C        D        E       F      G
               +--------+--------+--------+--------+--------+-----+--------+
         Total |   4545 |   4369 |    176 |    556 |   2782 |   5 |  909.0 |
       Dungeon |   4545 |   4369 |    176 |    556 |   2782 |   5 |  909.0 |
               +--------+--------+--------+--------+--------+-----+--------+

Top non-repeatable levels by time:
     D:3: 1397 daAuts
     D:2: 1270 daAuts
     D:1: 1085 daAuts
     D:4: 506 daAuts
     D:5: 285 daAuts
